 Dungeon Crawl Stone Soup version 0.17-a0-1748-g222fba8 (webtiles) character file.

4777 Medar the Transmogrifier (level 10, 0/84 HPs)
             Began as a Naga Transmuter on Sept 1, 2015.
             Was a Priest of Okawaru.
             Slain by a spiny frog (14 damage)
             ... on level 1 of the Lair of Beasts.
             The game lasted 00:39:40 (11239 turns).

Medar the Transmogrifier (Naga Transmuter)         Turns: 11239, Time: 00:39:41

Health: 0/84       AC:  9    Str: 13    XL:     10   Next: 47%
Magic:  16/18      EV: 12    Int: 12    God:    Okawaru [***...]
Gold:   404        SH:  7    Dex: 12    Spells: 6 memorised, 2 levels left

rFire  + . .     SeeInvis +       - Unarmed
rCold  + . .     Clarity  .     I - +2 robe {rC+}
rNeg   . . .     SustAt   +     G - +2 buckler
rPois  +         Gourm    .     u - +0 helmet
rElec  .         Spirit   .     p - +0 cloak
rCorr  .         Warding  .     (no gloves)
rMut   .         Stasis   .     (no barding)
MR     +....                    (no amulet)
Stlth  +++.......               i - ring of protection from fire
                                n - ring of sustain attributes

@: about to teleport, heroism, very slow, somewhat resistant to hostile
enchantments, fairly stealthy
A: claws 1, see invisible, deformed body, dopey 2, poison resistance, slowness
2, slow metabolism 1, spit poison 2, wild magic 1, AC +3
a: Spit Poison, Heroism, Renounce Religion


You were on level 1 of the Lair of Beasts.
You worshipped Okawaru.
Okawaru was most pleased with you.
You were not hungry.

You visited 3 branches of the dungeon, and saw 10 of its levels.
You also visited: Ossuary.

You collected 404 gold pieces.

Inventory:

Hand weapons
 D - the +5 morningstar "Puos" {crush, Int+3}
   (You took it off a gnoll on level 4 of the Dungeon)

   It inflicts extra damage upon your enemies.
   It affects your intelligence (+3).
 H - the +1 rapier "Maryemaj" {pierce, *Confuse +Blink MR+}
   (You found it on level 7 of the Dungeon)

   It inflicts extra damage upon your enemies.
   It affects your resistance to hostile enchantments.
   It lets you blink.
   It may confuse you when you take damage.
Missiles
 a - 105 arrows
 e - 2 needles of sleeping
 m - 17 poisoned needles
 r - 4 javelins
 C - 2 tomahawks (quivered)
Armour
 p - a +0 cloak (worn)
 q - a +0 large shield
 u - a +0 helmet (worn)
 G - a +2 buckler (worn)
 I - a +2 robe of cold resistance (worn)
Magical staves
 g - an uncursed staff of summoning {!a}
Jewellery
 i - a ring of protection from fire (right claw)
 n - a ring of sustain attributes (left claw)
 t - an uncursed ring of ice
 v - an uncursed ring of fire
Magical devices
 l - a wand of digging (11)
 A - a wand of random effects (11)
 J - a wand of digging (15)
Scrolls
 f - 2 scrolls of remove curse {@r1}
 k - 3 scrolls of magic mapping
 o - a scroll of immolation
 s - a scroll of noise
 w - 2 scrolls of amnesia
 y - 3 scrolls of fog
 B - a scroll of enchant weapon
 L - a scroll of vulnerability {unknown}
Potions
 b - a potion of brilliance
 j - a potion of lignification
 z - 2 potions of agility
 F - a potion of heal wounds
Books
 c - a book of Changes

   Spells                             Type                      Level
   a - Beastly Appendage              Transmutation                1
   b - Sticks to Snakes               Transmutation                2
   c - Spider Form                    Transmutation/Poison         3
   d - Ice Form                       Ice/Transmutation            4
   e - Blade Hands                    Transmutation                5
 E - a book of Necromancy

   Spells                             Type                      Level
   a - Pain                           Necromancy                   1
   b - Animate Skeleton               Necromancy                   1
   c - Vampiric Draining              Necromancy                   3
   d - Regeneration                   Charms/Necromancy            3
   e - Animate Dead                   Necromancy                   4
   f - Control Undead                 Necromancy                   4
Comestibles
 d - 5 bread rations {@e1}
 h - 5 meat rations {@e2}
 K - 9 chunks of flesh
 M - a beef jerky
 N - 5 fruits


   Skills:
 - Level 3.6(8.6) Fighting
 - Level 1.5(6.5) Dodging
 - Level 2.4(7.4) Shields
 - Level 7.0(12.0) Unarmed Combat
 - Level 5.7 Spellcasting
 - Level 2.8 Charms
 - Level 5.0 Necromancy
 + Level 8.4 Transmutations
 + Level 4.0 Ice Magic
 - Level 3.0 Poison Magic


You had 2 spell levels left.
You knew the following spells:

 Your Spells              Type           Power        Failure   Level  Hunger
d - Sticks to Snakes      Trmt           #####.....   3%          2    ##.....
f - Blade Hands           Trmt           #####.....   34%         5    ######.
g - Ice Form              Ice/Trmt       ####....     30%         4    ####...
h - Animate Skeleton      Necr           N/A          5%          1    None
q - Regeneration          Chrm/Necr      ###.......   26%         3    ###....
s - Spider Form           Trmt/Pois      ####......   13%         3    ###....


Dungeon Overview and Level Annotations

Branches:
Dungeon (8/15)             Temple (1/1) D:5            Lair (1/8) D:8

Altars:
Ashenzari
Dithmenos
Elyvilon
Fedhas
Gozag
Kikubaaqudgha
Makhleb
Nemelex Xobeh
Okawaru
Ru
Sif Muna
Trog
Vehumet
Xom
Zin
The Shining One

Shops:
D:5 *

Annotations:
D:7 3 exclusions


Innate Abilities, Weirdness & Mutations

You cannot wear boots.
Your serpentine skin is tough (AC +3).
You have supernaturally acute eyesight.
Armour fits poorly on your strangely shaped body.
Your system is resistant to poisons.
You cover ground very slowly.
You have a slow metabolism.
You can spit poison.
You have sharp fingernails.
You are very dopey. (Int -4)
Your spells are a little harder to cast, but a little more powerful.


Message History

You start resting.
A spiny frog comes into view.
The spiny frog croaks.
The spiny frog gives a loud, deep croak!
Read which item? (? for menu, Esc to quit)
As you read the scroll of teleportation, it crumbles to dust.
You feel strangely unstable.
Your surroundings seem slightly different.
Found a copper wand.
Read which item? (? for menu, Esc to quit)
Okay, then.
Use which ability? (? or * to list)
You gain the combat prowess of a mighty hero.
You feel slightly more hungry. The spiny frog stings you!
* * * LOW HITPOINT WARNING * * *
Read which item? (? for menu, Esc to quit)
As you read the scroll of teleportation, it crumbles to dust.
You feel strangely unstable. You block the spiny frog's attack.
The spiny frog stings you!
You die...

........$
.............
P.#.#.......
...........
..#.....#
........# . .
#.....#
./..#...[.##
....P..@...#
.......FF.##
....#.....# ...
#.....### #
##.....#P###...
........ยง.......
................
######.##.##.#.#
## ## #


You could see 2 spiny frogs.

Vanquished Creatures
  A hill giant (D:8)
  A komodo dragon (Lair:1)
  Sigmund (D:5)
  A hippogriff (D:8)
  Grum (D:8)
  3 wolves (D:8)
  2 hungry ghosts
  A water moccasin (Lair:1)
  4 sky beasts
  A centaur (D:5)
  An ogre (D:8)
  A phantom (D:8)
  An orc warrior (D:6)
  Blork the orc (D:5)
  A scorpion (D:5)
  5 giant frogs
  A quasit (D:8)
  4 crimson imps
  Ijyb (D:2)
  An orc priest (D:6)
  5 giant frog skeletons
  5 hounds
  8 worker ants
  5 iguanas
  2 hound zombies
  A hound skeleton (D:6)
  2 mummies
  Robin (D:1)
  A worker ant zombie (D:4)
  14 gnolls
  10 river rats (Lair:1)
  9 adders
  3 shadow imps
  2 oozes (D:2)
  2 worms
  4 giant geckos
  16 orcs
  5 ball pythons
  10 bats
  5 giant cockroaches
  18 goblins
  7 hobgoblins
  5 quokkas
  2 giant gecko skeletons
  7 giant newts
  A goblin skeleton (Ossuary)
  13 jackals
  11 kobolds
  An orc skeleton (Ossuary)
  9 rats
217 creatures vanquished.

Vanquished Creatures (collateral kills)
  A komodo dragon (Lair:1)
  A water moccasin (Lair:1)
  A centaur (D:6)
  An adder (D:2)
  An orc (D:8)
  A goblin (D:2)
  A fungus (Lair:1)
7 creatures vanquished.

Vanquished Creatures (others)
  A fungus (Lair:1)
  A plant (Lair:1)
2 creatures vanquished.

Grand Total: 226 creatures vanquished

Notes
Turn   | Place    | Note
--------------------------------------------------------------
     0 | D:1      | Medar the Naga Transmuter began the quest for the Orb.
     0 | D:1      | Reached XP level 1. HP: 18/18 MP: 3/3
   241 | D:1      | Reached XP level 2. HP: 23/25 MP: 3/5
   270 | D:1      | Learned a level 2 spell: Sticks to Snakes
  1040 | D:2      | Noticed Ijyb
  1161 | D:2      | Reached skill level 4 in Unarmed Combat
  1166 | D:2      | Noticed Robin
  1269 | D:1      | Reached XP level 3. HP: 24/31 MP: 4/6
  1274 | D:1      | Learned a level 3 spell: Spider Form
  1377 | D:2      | Killed Ijyb
  1801 | D:1      | Reached XP level 4. HP: 26/38 MP: 7/7
  1902 | D:1      | Reached skill level 1 in Poison Magic
  2045 | D:1      | Killed Robin
  2842 | D:3      | Reached XP level 5. HP: 41/44 MP: 4/8
  3114 | D:3      | Found a bloodstained altar of Trog.
  3195 | D:3      | Found a deep blue altar of Sif Muna.
  4037 | D:4      | Reached skill level 5 in Unarmed Combat
  4080 | D:4      | Reached XP level 6. HP: 40/52 MP: 9/9
  4205 | D:4      | Got a crystal morningstar
  4207 | D:4      | Identified the +5 morningstar "Puos" {crush, Int+3} (You took it off a gnoll on level 4 of the Dungeon)
  4653 | D:4      | Reached skill level 6 in Unarmed Combat
  4851 | D:4      | Reached XP level 7. HP: 54/62 MP: 10/10
  4894 | D:4      | Found a shimmering altar of Xom.
  5017 | D:5      | Entered Level 5 of the Dungeon
  5057 | D:5      | Noticed Sigmund
  5071 | D:5      | Killed Sigmund
  5072 | D:5      | Found Kokkos's Elemental Accessories.
  5091 | D:5      | Found a sand-covered staircase.
  5139 | Ossuary  | Entered an ossuary
  5218 | Ossuary  | Noticed KambridgeKobold's ghost (experienced HEWr)
  5583 | D:5      | Gained mutation: You have sharp fingernails. [mutagenic meat]
  5584 | D:5      | Gained mutation: You are dopey. (Int -2) [mutagenic meat]
  5904 | D:5      | Reached XP level 8. HP: 70/70 MP: 8/11
  5938 | D:5      | Reached skill level 5 in Transmutations
  6072 | D:5      | Found a staircase to the Ecumenical Temple.
  6073 | D:5      | Noticed Blork the orc
  6085 | D:5      | Killed Blork the orc
  6085 | D:5      | Reached skill level 1 in Shields
  6130 | Temple   | Entered the Ecumenical Temple
  6224 | Temple   | Became a worshipper of Warmaster Okawaru
  6420 | D:5      | Reached skill level 7 in Unarmed Combat
  6426 | D:5      | Learned a level 4 spell: Ice Form
  7696 | D:6      | Acquired Okawaru's first power
  7696 | D:6      | Reached XP level 9. HP: 52/76 MP: 10/13
  8638 | D:6      | Learned a level 5 spell: Blade Hands
  8940 | D:7      | Found a blossoming altar of Fedhas.
  9056 | D:7      | Reached skill level 8 in Transmutations
  9060 | D:7      | Gained mutation: You are very dopey. (Int -4) [mutagenic meat]
  9062 | D:7      | Gained mutation: Your spells are a little harder to cast, but a little more powerful. [mutagenic meat]
  9272 | D:7      | Got a brightly glowing rapier
  9273 | D:7      | Identified the +1 rapier "Maryemaj" {pierce, *Confuse +Blink MR+} (You found it on level 7 of the Dungeon)
 10007 | D:8      | Learned a level 1 spell: Animate Skeleton
 10037 | D:8      | Reached skill level 1 in Necromancy
 10053 | D:8      | Noticed a hill giant
 10088 | D:8      | Killed a hill giant
 10095 | D:8      | Reached XP level 10. HP: 64/84 MP: 11/16
 10159 | D:8      | Reached skill level 5 in Necromancy
 10436 | D:8      | Noticed Grum
 10445 | D:8      | Reached skill level 5 in Spellcasting
 10469 | D:8      | Killed Grum
 10740 | D:8      | Found a staircase to the Lair.
 10757 | D:8      | Learned a level 3 spell: Regeneration
 10846 | D:8      | Your ally Grum died
 10957 | Lair:1   | Entered Level 1 of the Lair of Beasts
 10976 | Lair:1   | Reached skill level 1 in Charms
 11239 | Lair:1   | Slain by a spiny frog

Vault maps used:
D:1:      roderic_crop_circles_arrival_small, grunt_decor_mini_mirrors
D:2:      first_bread, grunt_ministairs_13, uniq_robin, uniq_iyjb
D:3:      lightli_temple_of_fire, lemuel_doored_altar
D:4:      kennysheep_mini_moat
D:5:      minmay_temple_entry_junction, gup_ossuary_entry_pyramid,
          nicolae_elemental_shop, uniq_sigmund, uniq_blork_the_orc
D:7:      statuecave_lemuel, fedhas_altar_3
D:8:      lair_0_dummy, uniq_grum
Temple:   circular_temple_12
Lair:1:   minmay_lair_oklob_tunnel, lemuel_fruit_fields
Ossuary:  ossuary_due_small_catacomb

Action                   |  1- 3 |  4- 6 |  7- 9 | 10-12 || total
-------------------------+-------+-------+-------+-------++-------
Melee: Unarmed           |   106 |   244 |   427 |   102 ||   879
 Cast: Beastly Appendage |    20 |       |       |       ||    20
       Spider Form       |     1 |    23 |    28 |     2 ||    54
       Sticks to Snakes  |       |     4 |     8 |     1 ||    13
       Ice Form          |       |       |     1 |     3 ||     4
       Animate Skeleton  |       |       |       |    11 ||    11
Invok: Heroism           |       |       |       |     1 ||     1
 Abil: Spit Poison       |     2 |     6 |     7 |     1 ||    16
       End Transformatio |       |       |     5 |     2 ||     7
Evoke: Wand              |       |     4 |       |       ||     4
  Use: Scroll            |     4 |     7 |     9 |     4 ||    24
       Potion            |       |       |     3 |     1 ||     4
 Stab: Sleeping          |       |     2 |     1 |       ||     3
       Distracted        |       |       |       |     1 ||     1
  Eat: Chunk             |     1 |    12 |    24 |     5 ||    42
       Royal jelly       |     1 |       |       |       ||     1
       Beef jerky        |       |       |     2 |       ||     2
       Pizza             |       |       |     1 |       ||     1
